 Dungeon Crawl Stone Soup version 0.31.0-11-ge490571c62 (webtiles) character file.

Game seed: 5596239951690882292

7311 Skitler the Severer (level 11, -7/92 HPs)
             Began as a Hill Orc Fighter on Jan 27, 2024.
             Was a Believer of Beogh.
             Mangled by a two-headed ogre
             ... wielding a +0 giant club
              (13 damage)
             ... on level 9 of the Dungeon.
             The game lasted 00:21:55 (9983 turns).

Skitler the Severer (Hill Orc Fighter)              Turns: 9983, Time: 00:21:56

Health: -7/92      AC: 22    Str: 24    XL:     11   Next: 13%
Magic:  0/14       EV:  7    Int:  8    God:    Beogh [**....]
Gold:   602        SH:  6    Dex: 16    Spells: 10/10 levels left

rFire   + . .        a - +0 war axe (protect)
rCold   + . .        c - +0 buckler
rNeg    . . .        j - +0 plate armour
rPois   .            x - +0 helmet
rElec   .            i - scarf {rC+ rF+}
rCorr   .            (no gloves)
SInv    .            u - +0 pair of boots
Will    .....        y - amulet of guardian spirit Stlth
                     l - +6 ring of dexterity
HPRegen 0.35/turn    v - +4 ring of protection
MPRegen 0.14/turn

%: guardian spirit
@: corroded, under a protective aura
A: no striking features
a: Renounce Religion, Smiting


You were on level 9 of the Dungeon.
You worshipped Beogh.
Beogh was pleased with you.
You visited 2 branches of the dungeon, and saw 11 of its levels.

You collected 665 gold pieces.
You spent 63 gold pieces at shops.

Inventory:

Hand Weapons
 a - a +0 war axe of protection (weapon)
 k - a +0 whip of holy wrath
Armour
 b - a +0 scale mail
 c - a +0 buckler (worn)
 i - a scarf of resistance (worn)
 j - a +0 plate armour (worn)
 r - the +5 leather armour of the Spheres {Rampage Will+ Str+3}
   (You found it on level 9 of the Dungeon)

   Str+3:     It affects your strength (+3).
   Will+:     It increases your willpower.
   Rampage:   It bestows one free step when moving towards enemies.
 u - a +0 pair of boots (worn)
 x - a +0 helmet (worn)
Jewellery
 l - a +6 ring of dexterity (left hand)
 v - a +4 ring of protection (right hand)
 y - an amulet of guardian spirit (around neck)
Wands
 q - a wand of iceblast (1)
 t - a wand of mindburst (21)
Scrolls
 d - 2 scrolls of teleportation
 o - a scroll of amnesia
 C - a scroll of brand weapon
Potions
 e - a potion of resistance {unknown}
 f - a potion of attraction
 g - a potion of ambrosia
 h - 3 potions of curing
 m - 2 potions of cancellation
 p - 2 potions of brilliance {unknown}
 z - 2 potions of degeneration
 A - 2 potions of mutation


   Skills:
 + Level 7.6 Fighting
 * Level 16.0 Axes
 - Level 5.8 Armour
 + Level 1.1 Dodging
 + Level 0.4 Stealth
 * Level 9.0 Shields
 * Level 5.0 Invocations
 + Level 0.3 Evocations


You had 10 spell levels left.
You didn't know any spells.
Your spell library contained the following spells:

 Spells                   Type           Power      Damage    Failure   Level
 Freeze                   Ice            0%         1d3       100%        1
 Cigotuvi's Dreadful Rot  Necr/Alch/Air  0%         N/A       100%        2
 Frozen Ramparts          Ice            0%         1d1       100%        3
 Hailstorm                Conj/Ice       0%         3d5       100%        3
 Ignite Poison            Fire/Alch      0%         N/A       100%        4
 Freezing Cloud           Conj/Ice/Air   0%         6-21      100%        5


Dungeon Overview and Level Annotations

Branches:
Dungeon (10/15)            Temple (1/1) D:5            Lair (0/5) D:8
    Orc: D:9-12

Altars:
Ashenzari
Cheibriados
Dithmenos
Elyvilon
Fedhas
Gozag
Hepliaklqana
Kikubaaqudgha
Makhleb
Nemelex Xobeh
Okawaru
Qazlal
Ru
Sif Muna
Trog
Vehumet
Wu Jian
Xom
Yredelemnul
Zin
The Shining One

Shops:
D:5 :   D:6 [   D:7 *


Message History

You barely miss the two-headed ogre. You slash the shadow!
Your weapon exudes an aura of protection.
The two-headed ogre hits you with a +0 giant club.
The two-headed ogre hits you with a +0 giant club!
* * * LOW HITPOINT WARNING * * *
The shadow slips into darkness.
The shadow flickers and vanishes!
Deactivating autopickup; reactivate with Ctrl-A.
You climb upwards.
Reactivating autopickup.
There is a stone staircase leading down here.
You feel better.
The shadow strikes at you from the darkness!
You block the two-headed ogre's attack.
The two-headed ogre completely misses you.
Okay, then.
You hit the two-headed ogre.
Your weapon exudes an aura of protection.
The two-headed ogre is lightly wounded.
You barely miss the shadow. The shadow hits you.
The two-headed ogre attacks as it pursues you!
The two-headed ogre barely misses you. x2
The shadow slips into darkness.
The shadow flickers and vanishes!
Deactivating autopickup; reactivate with Ctrl-A.
The shadow strikes at you from the darkness!
* * * LOW HITPOINT WARNING * * *
Reactivating autopickup.
You closely miss the shadow.
The shadow is lightly damaged.
The shadow hits you.
You slash the shadow!
Your weapon exudes an aura of protection.
The shadow is severely damaged.
You slash the two-headed ogre! You hit the shadow.
The shadow is almost destroyed.
You slash the two-headed ogre! You block the two-headed ogre's attack.
The two-headed ogre hits you with a +0 giant club!
You die...

.........#..............#........
.........#..............#........
.........#..............+........
.........#..............#........
.........#..............#........
....######......>.......#........
#####....#..............#........
....#....#######WO###'###.....#..
....#....#......@.#.....#.....###
....#....'........#.....#.....#..
....#....#........#.....#.....'..
....#....#........#.....#.....#..
....###########...##....#######..
..............#....#..........#..
..............'....#..........#?.
..............#....#..........#..
..............#....#..........#..


You could see a two-headed ogre and a shadow.

Vanquished Creatures
  A two-headed ogre (D:9)
  Joseph (D:8)
  2 kobold demonologists (D:9)
  A hornet (D:6)
  7 yaks
  2 basilisks (D:8)
  A wraith (D:9)
  4 water moccasins
  An orc warrior (D:7)
  4 sky beasts
  4 black bears
  An ice beast (D:7)
  An ogre (D:6)
  4 phantoms
  6 kobold brigands
  5 bullfrogs
  5 wights (D:9)
  12 killer bees
  6 howler monkeys
  3 bombardier beetles
  An orc priest (D:7)
  2 jellies
  2 hounds
  3 sleepcaps
  2 iguanas
  Ijyb (D:3)
  An orc wizard (D:8)
  Robin (D:3)
  18 gnolls
  6 adders
  3 shadow imps
  2 ufetubi (D:6)
  A dart slug (D:2)
  A ribbon worm (D:5)
  15 orcs
  3 endoplasms
  4 giant cockroaches
  11 goblins
  10 hobgoblins
  2 quokkas
  5 ball pythons
  4 bats
  2 frilled lizards (D:1)
  54 kobolds
  A rat (D:3)
226 creatures vanquished.

Notes
Turn   | Place    | Note
-------+----------+-------------------------------------------
     0 | D:1      | Skitler the Hill Orc Fighter began the quest for the Orb.
     0 | D:1      | Reached XP level 1. HP: 19/19 MP: 1/1
   108 | D:1      | Reached XP level 2. HP: 27/27 MP: 2/2
   518 | D:2      | Reached skill level 3 in Axes
   546 | D:2      | Found an opulent altar of Gozag.
   633 | D:2      | Reached XP level 3. HP: 28/33 MP: 3/3
  1509 | D:3      | Reached XP level 4. HP: 38/40 MP: 4/4
  1575 | D:3      | Noticed Robin
  1583 | D:3      | Killed Robin
  1739 | D:3      | Noticed Ijyb
  1749 | D:3      | Killed Ijyb
  1750 | D:3      | Reached skill level 4 in Axes
  2199 | D:4      | Reached XP level 5. HP: 39/46 MP: 5/5
  2253 | D:4      | Reached skill level 5 in Axes
  2675 | D:4      | Reached XP level 6. HP: 52/52 MP: 6/6
  2737 | D:4      | Reached skill level 6 in Axes
  3022 | D:5      | Entered Level 5 of the Dungeon
  3096 | D:5      | Reached skill level 5 in Shields
  3296 | D:5      | Reached skill level 7 in Axes
  3296 | D:5      | Reached XP level 7. HP: 44/59 MP: 7/7
  3368 | D:5      | Found a staircase to the Ecumenical Temple.
  3381 | Temple   | Entered the Ecumenical Temple
  3706 | D:5      | Found Elomneif's Book Shop.
  4165 | D:5      | Reached skill level 8 in Axes
  4170 | D:5      | Reached XP level 8. HP: 47/67 MP: 8/8
  4222 | D:5      | Reached skill level 5 in Fighting
  4399 | D:5      | Reached skill level 5 in Armour
  4415 | D:5      | Reached skill level 9 in Axes
  4686 | D:5      | Found a snail-covered altar of Cheibriados.
  4686 | D:5      | Found a basalt altar of Yredelemnul.
  5318 | D:6      | Reached skill level 10 in Axes
  5472 | D:6      | Found Ruptuyn's Armour Boutique.
  5478 | D:6      | Bought a +0 helmet for 63 gold pieces
  5659 | D:7      | Noticed a hornet
  5668 | D:6      | Reached XP level 9. HP: 40/74 MP: 5/9
  5669 | D:6      | Paralysed by a hornet for 3 turns
  5676 | D:6      | Killed a hornet
  5677 | D:6      | Reached skill level 11 in Axes
  5906 | D:7      | Became a worshipper of Beogh the Brigand
  5923 | D:7      | Reached skill level 1 in Invocations
  6169 | D:7      | Reached skill level 12 in Axes
  6381 | D:7      | Found Tusy's General Store.
  6589 | D:8      | Noticed Joseph
  7362 | D:7      | Reached skill level 13 in Axes
  7627 | D:7      | Reached XP level 10. HP: 76/84 MP: 9/12
  7858 | D:8      | Killed Joseph
  8067 | D:8      | Reached skill level 14 in Axes
  8221 | D:8      | Reached * piety under Beogh
  8491 | D:8      | Found a staircase to the Lair.
  8768 | D:8      | Reached skill level 15 in Axes
  9129 | D:9      | Noticed a two-headed ogre
  9139 | D:9      | Killed a two-headed ogre
  9236 | D:9      | Reached XP level 11. HP: 85/92 MP: 12/14
  9268 | D:9      | Identified the +5 leather armour of the Spheres {Rampage
                  | Will+ Str+3}
  9386 | D:9      | Reached skill level 1 in Dodging
  9514 | D:9      | Reached ** piety under Beogh
  9515 | D:9      | Noticed a soul eater
  9520 | D:9      | Reached skill level 5 in Invocations
  9717 | D:9      | Reached skill level 16 in Axes
  9951 | D:10     | Entered Level 10 of the Dungeon
  9953 | D:10     | Noticed a two-headed ogre
  9983 | D:9      | Mangled by a two-headed ogre

Illustrated notes

Levels and vault maps discovered:
D:1:      ncdulo_lavacross, layout_rooms
D:2:      layout_loops_ring, basic_altar
D:3:      layout_basic, uniq_ijyb, uniq_robin
D:4:      layout_basic, interstate_on_off
D:5:      minmay_goblin_kobold_castle, layout_basic,
          nicolae_overflow_two_pavilions, minmay_temple_entry_statues_fountains,
          serial_shops, kennysheep_little_box
D:6:      layout_basic, serial_shops, shop, mrwooster_statue_mirror
D:7:      layout_basic, serial_shops, shop
D:8:      minmay_s_stair_smasher, layout_basic, david_lair_generic, uniq_joseph
D:9:      layout_grid_maze
D:10:     layout_basic, nicolae_overflow_crystal_walls,
          hangedman_abyss_or_decor_stagger, nicolae_shop_clearance, uniq_erica,
          uniq_josephine
Temple:   compressed_dpeg_triangle_lava_temple

Skill      XL: |  1  2  3  4  5  6  7  8  9 10 11 |
---------------+----------------------------------+-----
Axes           | 3 4 5 7 8 10 13 15 16 | 16.0
Shields        | 4 5 6 7 8 9 |  9.0
Fighting       | 4 5 6 7 |  7.6
Armour         | 4 5 |  5.8
Invocations    | 3 4 5 |  5.0
Dodging        | 1 |  1.1
Stealth        | |  0.4
Evocations     | |  0.3

Action                     |  1- 3 |  4- 6 |  7- 9 | 10-12 || total
---------------------------+-------+-------+-------+-------++-------
  Melee: War axe           |    93 |   133 |   311 |   222 ||   759
 Invoke: Convert to Beogh  |       |       |     1 |       ||     1
  Evoke: Wand              |       |       |     4 |       ||     4
    Use: Potion            |     1 |       |     2 |     3 ||     6
         Scroll            |       |       |    14 |     1 ||    15
   Stab: Invisible         |       |       |       |     1 ||     1
 Armour: Scale mail        |    45 |       |       |       ||    45
         Plate armour      |    42 |   110 |   356 |   206 ||   714
  Dodge: Dodged            |    40 |    38 |   138 |    68 ||   284
  Block: Buckler           |    23 |    38 |   118 |    65 ||   244
